 Dungeon Crawl Stone Soup version 0.30-a0-140-gd1020e658a (webtiles) character file.

Game seed: 982062177770487647

155 Flugkiller the Ruffian (level 5, 0/52 HPs)
             Began as a Troll Warper on Sept 24, 2022.
             Slain by an orc
             ... wielding a +0 trident
              (3 damage)
             ... on level 4 of the Dungeon.
             The game lasted 00:01:26 (1715 turns).

Flugkiller the Ruffian (Troll Warper)               Turns: 1715, Time: 00:01:27

Health: 0/52       AC:  4    Str: 21    XL:     5   Next: 14%
Magic:  5/5        EV: 13    Int:  9    God:
Gold:   176        SH:  0    Dex:  9    Spells: 6/6 levels left

rFire   . . .      SeeInvis .      - Unarmed
rCold   . . .      Faith    .    (no shield)
rNeg    . . .      Spirit   .    a - +0 robe
rPois   .          Reflect  .    (helmet restricted)
rElec   .          Harm     .    (no cloak)
rCorr   .          Rampage  .    (gloves unavailable)
Will    .....                    (boots unavailable)
Stlth   +.........               (no amulet)
HPRegen 0.97/turn                v - +4 ring of evasion
MPRegen 0.09/turn                (no ring)

@: no status effects
A: large, unfitting armour, claws 3, regeneration 1, shaggy fur 1, tough skin 1
a: no special abilities


You were on level 4 of the Dungeon.
You visited 1 branch of the dungeon, and saw 4 of its levels.

You collected 176 gold pieces.

Inventory:

Missiles
 c - 7 boomerangs of dispersal (quivered)
Armour
 a - a +0 robe (worn)
Jewellery
 v - a +4 ring of evasion (left claw)
   (You found it on level 2 of the Dungeon)
Wands
 l - a wand of iceblast (11)
   (You found it on level 3 of the Dungeon)
 m - a wand of flame (7)
   (You found it on level 4 of the Dungeon)
Scrolls
 b - 2 scrolls of teleportation {unknown}
 d - 5 scrolls of identify {unknown}
 g - a scroll of silence {unknown}
 h - a scroll of summoning {unknown}
 z - 3 scrolls of blinking
Potions
 e - 4 potions of heal wounds {unknown}
 f - a potion of invisibility {unknown}
 i - a potion of resistance {unknown}
 k - a potion of might {unknown}


   Skills:
 + Level 2.8 Fighting
 - Level 0.8 Throwing
 - Level 1.9 Dodging
 * Level 4.5 Unarmed Combat
 - Level 1.2 Spellcasting
 - Level 2.1 Translocations


You had 6 spell levels left.
You didn't know any spells.
Your spell library contained the following spells:

 Spells                   Type           Power      Damage    Failure   Level
 Blink                    Tloc           8%         N/A       22%         2
 Beastly Appendage        Tmut           0%         N/A       36%         1
 Magic Dart               Conj           0%         1d3       36%         1
 Summon Small Mammal      Summ           0%         N/A       36%         1
 Gell's Gravitas          Tloc           4%         N/A       41%         3
 Lesser Beckoning         Tloc           4%         N/A       41%         3
 Teleport Other           Tloc           4%         N/A       41%         3
 Searing Ray              Conj           0%         2d4       50%         2
 Wereblood                Tmut           0%         N/A       50%         2
 Call Canine Familiar     Summ           0%         N/A       73%         3
 Confusing Touch          Hex            0%         N/A       73%         3
 Dazzling Flash           Conj/Hex       0%         N/A       73%         3
 Ignite Poison            Fire/Tmut/Pois 0%         N/A       73%         3
 Mephitic Cloud           Conj/Pois/Air  0%         N/A       73%         3
 Ozocubu's Armour         Ice            0%         N/A       73%         3
 Spider Form              Tmut/Pois      0%         N/A       73%         3
 Summon Guardian Golem    Hex/Summ       0%         N/A       73%         3
 Manifold Assault         Tloc           4%         N/A       82%         4
 Fulminant Prism          Conj/Hex       0%         3d6       98%         4
 Agony                    Necr           0%         N/A       100%        5
 Freezing Cloud           Conj/Ice/Air   0%         6-21      100%        5
 Silence                  Hex/Air        0%         N/A       100%        5
 Yara's Violent Unravell  Hex/Tmut       0%         3d3       100%        5
 Enfeeble                 Hex            0%         N/A       100%        7
 Ozocubu's Refrigeration  Ice            0%         4d7       100%        7


Dungeon Overview and Level Annotations

Branches:
Dungeon (4/15) Zot: 22293
 Temple: D:4-7

Altars:
Dithmenos

Annotations:
D:4 Menkaure


Innate Abilities, Weirdness & Mutations

You are too large for most types of armour.
You have claws for hands.
Your natural rate of healing is unusually fast.
You are covered in fur. (AC +1)
You have tough skin. (AC +1)


Message History

You feel sick.
You feel sick.
You feel sick.
You are no longer poisoned.
You pick up a book of Conjurations and begin reading...
You add the spells Magic Dart, Searing Ray and Fulminant Prism to your library.
An endoplasm comes into view.
The endoplasm moves out of view.
Found a dagger.
You see here a wand of flame (7).
A hobgoblin comes into view.
You claw the endoplasm!
You kill the endoplasm!
You barely miss the hobgoblin.
The hobgoblin hits you but does no damage.
You claw the hobgoblin!
You kill the hobgoblin!
No target in view!
No target in view!
No target in view!
m - a wand of flame (7)
Found a sling.
e - 4 pink potions (gained 1) No target in view!
Found a stone staircase leading up.
No target in view!
No target in view!
Menkaure, Prince of Dust comes into view.
Menkaure shouts!
Menkaure is nearby!
Menkaure is nearby!
Menkaure breathes soot at you.
Menkaure calls on the powers of darkness!
Your body is wracked with pain!
You are too injured to fight recklessly!
You are too injured to fight recklessly!
An orc wizard comes into view. It is wielding a +1 dagger of speed.
The orc wizard shouts!
You hear a shout! x2
The orc wizard casts a spell at you.
You are confused.
The orc wizard points at you and mumbles some strange words.
You are more confused.
The orc wizard points at you and mumbles some strange words.
You are more confused.
The orc wizard points at you and mumbles some strange words.
The puff of flame misses you.
An orc comes into view. It is wielding a +0 whip.
The orc shouts!
You bump into the rock wall.
The orc wizard casts a spell at you.
You are more confused.
You can't go up here!
Unknown command.
An orc comes into view. It is wielding a +0 whip.
An orc comes into view. It is wielding a +0 hand axe.
The orc shouts! x2; You hear a shout!
The orc wizard gestures at you while chanting.
The puff of flame hits you!
An orc comes into view. It is wielding a +0 trident.
The orc shouts!
The orc wizard barely misses you.
The orc moves out of view.
You bump into the rock wall.
The orc hits you with a +0 whip.
It was a potion of curing.
You feel better.
q - a potion of curing The orc hits you with a +0 whip.
Menkaure mumbles some strange words.
Menkaure seems to speed up.
The orc wizard gestures at you while chanting.
You are confused.
You claw the orc!
You kill the orc!
The orc closely misses you.
You're too confused to move!
Menkaure sighs, "It doesn't hurt if you pull your brain out of your nose yourself."
The orc barely misses you. The orc misses you.
Menkaure attacks as you move away! Menkaure hits you!!
* * * LOW HITPOINT WARNING * * *
The orc barely misses you. x2; The orc misses you.
The orc wizard completely misses you.
Unknown command.
The orc attacks as you move away! The orc hits you but does no damage.
The orc completely misses you. The orc barely misses you.
Menkaure closely misses you.
You see here a +0 sling.
Unknown command.
You are too confused!
Unknown command.
You feel better.
The orc barely misses you. x2; The orc misses you.
Menkaure closely misses you.
You scratch Menkaure.
Menkaure is lightly damaged.
The orc barely misses you. The orc misses you. The orc closely misses you.
Menkaure hits you!!
* * * LOW HITPOINT WARNING * * *
You scratch Menkaure but do no damage.
Menkaure is lightly damaged.
Menkaure hits you.
* * * LOW HITPOINT WARNING * * *
The orc hits you with a +0 trident.
You die...

...# #..... ####....
#..... #....... ........
#^...... ##. .......
##....... #.. ...
..)###........ ###..
#.###....#.....##
#...o##.#.##......# #.#.
#....#o@...###....##....
#...<#Moo#......##.....#
#).o.###.......##.##
##....##.....#.##.##
#.........#.....#...
#..............#.....
##.#.....##....#..#..
############.##.....
###......


You could see Menkaure (fast), an orc wizard and 3 orcs.

Vanquished Creatures
  An orc priest (D:3)
  Terence (D:2)
  3 adders
  A worm (D:3)
  3 dart slugs
  5 orcs
  6 bats
  4 endoplasms
  A giant cockroach (D:1)
  4 hobgoblins
  4 jackals (D:2)
  4 kobolds
  4 quokkas
  7 ball pythons
  4 frilled lizards
  4 goblins
  2 rats (D:1)
58 creatures vanquished.

Notes
Turn   | Place    | Note
-------+----------+-------------------------------------------
     0 | D:1      | Flugkiller the Troll Warper began the quest for the Orb.
     0 | D:1      | Reached XP level 1. HP: 19/19 MP: 1/1
    66 | D:1      | Found a faded altar of an unknown god.
    78 | D:1      | Reached XP level 2. HP: 22/28 MP: 2/2
   299 | D:1      | Reached skill level 3 in Unarmed Combat
   477 | D:2      | Reached XP level 3. HP: 34/35 MP: 3/3
   602 | D:2      | Found a shadowy altar of Dithmenos.
   647 | D:2      | Noticed Terence
   655 | D:2      | Killed Terence
  1080 | D:3      | Reached XP level 4. HP: 44/44 MP: 4/4
  1104 | D:3      | Reached skill level 4 in Unarmed Combat
  1326 | D:3      | Found a shadowy altar of Dithmenos.
  1419 | D:3      | Reached XP level 5. HP: 50/50 MP: 5/5
  1689 | D:4      | Noticed Menkaure
  1715 | D:4      | Slain by an orc

Illustrated notes

Levels and vault maps discovered:
D:1:      dpeg_arrival_arbitrary_c, layout_basic,
          ebering_ecumenical_altar_sacrificial
D:2:      layout_rooms, basic_altar, hangedman_abyss_or_decor_stabs,
          chequers_serial_rivers_room_a, uniq_terence
D:3:      layout_basic, nicolae_dithmenos_shadow_blocks
D:4:      layout_cave_pools, uniq_menkaure

Skill      XL: |  1  2  3  4 |
---------------+-------------+-----
Fighting       | 2 |  2.8
Unarmed Combat | 3 4 |  4.5
Throwing       | |  0.8
Dodging        | |  1.9
Spellcasting   | |  1.2
Translocations | |  2.1

Action                   |  1- 3 |  4- 6 || total
-------------------------+-------+-------++-------
Melee: Unarmed           |    95 |    57 ||   152
       Punch             |     3 |       ||     3
  Use: Potion            |       |     2 ||     2
 Stab: Sleeping          |     1 |       ||     1
Armor: Robe              |    46 |     6 ||    52
Dodge: Dodged            |    67 |    45 ||   112

Table legend: (Time is in decaauts)
 A = Elapsed time spent in this place.
 B = Non-inter-level travel time spent in this place.
 C = Inter-level travel time spent in this place.
 D = Time resting spent in this place.
 E = Time spent auto-exploring this place.
 F = Levels seen in this place.
 G = Mean time per level.
                   A        B        C        D        E       F      G
               +--------+--------+--------+--------+--------+-----+--------+
         Total |   1705 |   1610 |     95 |     13 |   1201 |   4 |  426.2 |
       Dungeon |   1705 |   1610 |     95 |     13 |   1201 |   4 |  426.2 |
               +--------+--------+--------+--------+--------+-----+--------+

Top non-repeatable levels by time:
     D:2: 608 daAuts
     D:3: 555 daAuts
     D:1: 462 daAuts
     D:4: 79 daAuts
